SAA
MINNESOTA LOONS @ RICHLAND RAILS
08/09/2028
 
TOP OF THE 1ST
Minnesota Loons batting - Pitching for Richland Rails : RHP Barney Starr
Pitching: RHP Barney Starr
Batting: RHB Jorge Echevarría 0-0: Called Strike
0-1: Ground out 6-3 (Groundball, 6M)
Batting: SHB António Zúñiga 0-0: Ball
1-0: Called Strike
1-1: Fly out, F5 (Popup, 56S)
Batting: RHB Isuru Tanaka 0-0: Ground out 6-3 (Groundball, 6)
Top of the 1st over - 0 run(s), 0 hit(s), 0 error(s), 0 left on base; Minnesota 0 - Richland 0
BOTTOM OF THE 1ST
Richland Rails batting - Pitching for Minnesota Loons : LHP Andrew Moody
Pitching: LHP Andrew Moody
Batting: LHB Mike Gillespie 0-0: Ball
1-0: Called Strike
1-1: Ground out 4-3 (Groundball, 4)
Batting: RHB Alexandre Keeping 0-0: Ball
1-0: Swinging Strike
1-1: Fly out, F8 (Flyball, 8LD)
Batting: SHB Félix Medina 0-0: Called Strike
0-1: Foul Ball, location: 2F
0-2: Ball
1-2: Ball
2-2: Fly out, F9 (Flyball, 9)
Bottom of the 1st over - 0 run(s), 0 hit(s), 0 error(s), 0 left on base; Minnesota 0 - Richland 0
TOP OF THE 2ND
Minnesota Loons batting - Pitching for Richland Rails : RHP Barney Starr
Batting: RHB Taylor Landis 0-0: Swinging Strike
0-1: Foul Ball, location: 2F
0-2: Foul Ball, location: 2F
0-2: Ball
1-2: Ball
2-2: Foul Ball, location: 2F
2-2: Ball
3-2: Foul Ball, location: 2F
3-2: Strikes out swinging
Batting: RHB José Mercado 0-0: Called Strike
0-1: Ground out 4-3 (Groundball, 34)
Batting: RHB Jorge Arreola 0-0: Fly out, F9 (Line Drive, 9)
Top of the 2nd over - 0 run(s), 0 hit(s), 0 error(s), 0 left on base; Minnesota 0 - Richland 0
BOTTOM OF THE 2ND
Richland Rails batting - Pitching for Minnesota Loons : LHP Andrew Moody
Batting: RHB Scott Ramsey 0-0: Ball
1-0: Called Strike
1-1: Ball
2-1: Ball
3-1: Called Strike
3-2: Fly out, F7 (Flyball, 78M)
Batting: SHB Jorge Colón 0-0: Ball
1-0: Ball
2-0: Ball
3-0: Called Strike
3-1: Base on Balls
Batting: RHB Christian Gentry 0-0: Foul Ball, location: 2F
0-1: Ball
1-1: Ball
2-1: Ball
3-1: Foul Ball, location: 2F
3-2: Foul Ball, location: 2F
3-2: Grounds into double play, 5-4-3 (Groundball, 5)
Bottom of the 2nd over - 0 run(s), 0 hit(s), 0 error(s), 0 left on base; Minnesota 0 - Richland 0
TOP OF THE 3RD
Minnesota Loons batting - Pitching for Richland Rails : RHP Barney Starr
Batting: LHB Rim Hong-Do 0-0: Ball
1-0: Foul Ball, location: 2F
1-1: Ball
2-1: Ball
3-1: Ground out 4-3 (Groundball, 4)
Batting: SHB Chavo Guerrero, Jr. 0-0: Foul Ball, location: 2F
0-1: Ball
1-1: Foul Ball, location: 2F
1-2: SINGLE (Line Drive, 4M)
Batting: RHB Randolph Descoteaux 0-0: Ball
1-0: Ball
2-0: Ball
3-0: Base on Balls
Chavo Guerrero, Jr. to second
Batting: RHB Jorge Echevarría 0-0: Ball
1-0: Fielders Choice at 2nd, 6-4 (Groundball, 6)
Chavo Guerrero, Jr. to third
Batting: SHB António Zúñiga 0-0: Called Strike
0-1: SINGLE (Groundball, 34) (infield hit)
Chavo Guerrero, Jr. scores
Jorge Echevarría to second
Batting: RHB Isuru Tanaka 0-0: Swinging Strike
0-1: Foul Ball, location: 2F
0-2: Fielders Choice at 2nd, 6-4 (Groundball, 6)
Top of the 3rd over - 1 run(s), 2 hit(s), 0 error(s), 1 left on base; Minnesota 1 - Richland 0
BOTTOM OF THE 3RD
Richland Rails batting - Pitching for Minnesota Loons : LHP Andrew Moody
Batting: RHB Michael Bradshaw 0-0: Foul Ball, location: 2F
0-1: Foul Ball, location: 2F
0-2: Ball
1-2: Fly out, F8 (Flyball, 8RS)
Batting: LHB Armando Peña 0-0: Called Strike
0-1: SINGLE (Groundball, 34S) (infield hit)
Batting: RHB Kazu Hishida 0-0: Ball
1-0: Reached on error, E5 (Groundball, 56)
Armando Peña to second
Batting: LHB Mike Gillespie 0-0: Foul Ball, location: 2F
0-1: Fielders Choice at 2nd, 6-4 (Groundball, 6M)
Armando Peña to third
Batting: RHB Alexandre Keeping 0-0: Foul Ball, location: 2F
0-1: Fielders Choice at 2nd, 6-4 (Groundball, 6)
Bottom of the 3rd over - 0 run(s), 1 hit(s), 1 error(s), 1 left on base; Minnesota 1 - Richland 0
TOP OF THE 4TH
Minnesota Loons batting - Pitching for Richland Rails : RHP Barney Starr
Batting: RHB Taylor Landis 0-0: Ball
1-0: Ball
2-0: Ball
3-0: Called Strike
3-1: Foul Ball, location: 2F
3-2: SINGLE (Groundball, 6MD)
Batting: RHB José Mercado 0-0: Foul Ball, location: 2F
0-1: SINGLE (Groundball, 6MD)
Taylor Landis to second
Batting: RHB Jorge Arreola 0-0: Called Strike
0-1: Foul Ball, location: 2F
0-2: Strikes out swinging
Batting: LHB Rim Hong-Do 0-0: Foul Ball, location: 2F
0-1: Fly out, F8 (Flyball, 8LM)
Batting: SHB Chavo Guerrero, Jr. 0-0: Ball
1-0: Ball
2-0: Ball
3-0: Called Strike
3-1: Foul Ball, location: 2F
3-2: Base on Balls
Taylor Landis to third
José Mercado to second
Batting: RHB Randolph Descoteaux 0-0: Ball
1-0: Ball
2-0: Fly out, F8 (Flyball, 8LM)
Top of the 4th over - 0 run(s), 2 hit(s), 0 error(s), 3 left on base; Minnesota 1 - Richland 0
BOTTOM OF THE 4TH
Richland Rails batting - Pitching for Minnesota Loons : LHP Andrew Moody
Batting: SHB Félix Medina 0-0: Ball
1-0: Ball
2-0: Ball
3-0: Called Strike
3-1: Base on Balls
Batting: RHB Scott Ramsey 0-0: Ball
1-0: Ball
Wild Pitch!
Félix Medina to second
2-0: Fly out, F9 (Flyball, 9LS)
Batting: SHB Jorge Colón 0-0: Ball
1-0: Fly out, F9 (Flyball, 9LMF)
Batting: RHB Christian Gentry 0-0: Ball
1-0: SINGLE (Groundball, 34) (infield hit)
Félix Medina to third
Batting: RHB Michael Bradshaw 0-0: Ball
1-0: Swinging Strike
1-1: Ball
2-1: Ground out 6-3 (Groundball, 6MS)
Bottom of the 4th over - 0 run(s), 1 hit(s), 0 error(s), 2 left on base; Minnesota 1 - Richland 0
TOP OF THE 5TH
Minnesota Loons batting - Pitching for Richland Rails : RHP Barney Starr
Batting: RHB Jorge Echevarría 0-0: Called Strike
0-1: SINGLE (Groundball, 25) (infield hit)
Batting: SHB António Zúñiga 0-0: Ball
Jorge Echevarría steals 2nd base
1-0: Swinging Strike
1-1: Foul Ball, location: 2F
1-2: Ball
Wild Pitch!
Jorge Echevarría to third
2-2: Ball
3-2: Ground out 6-3 (Groundball, 6)
Jorge Echevarría scores
Batting: RHB Isuru Tanaka 0-0: Foul Ball, location: 2F
0-1: Ground out 5-3 (Groundball, 5L)
Batting: RHB Taylor Landis 0-0: Ball
1-0: Swinging Strike
1-1: Ball
2-1: Ball
3-1: Base on Balls
Batting: RHB José Mercado 0-0: Ball
1-0: Foul Ball, location: 2F
1-1: Ball
2-1: SINGLE (Groundball, 34D)
Taylor Landis to second
Runner from 2nd tries for 3rd, SAFE, throw made to third
Pinch Runner at 3rd Nathaniel Griffin:
Batting: RHB Jorge Arreola 0-0: Ball
1-0: Fielders Choice at 2nd, 5-4 (Groundball, 56)
Top of the 5th over - 1 run(s), 2 hit(s), 0 error(s), 1 left on base; Minnesota 2 - Richland 0
BOTTOM OF THE 5TH
Richland Rails batting - Pitching for Minnesota Loons : LHP Andrew Moody
Now at 2B: Nathaniel Griffin
Batting: LHB Armando Peña 0-0: Ground out U3 (Groundball, 3)
Batting: RHB Kazu Hishida 0-0: Called Strike
0-1: Called Strike
0-2: Ball
1-2: Fly out, F5 (Line Drive, 56)
Batting: LHB Mike Gillespie 0-0: Ball
1-0: Foul Ball, location: 2F
1-1: Called Strike
1-2: Fly out, F8 (Flyball, 8LM)
Bottom of the 5th over - 0 run(s), 0 hit(s), 0 error(s), 0 left on base; Minnesota 2 - Richland 0
TOP OF THE 6TH
Minnesota Loons batting - Pitching for Richland Rails : RHP Barney Starr
Batting: LHB Rim Hong-Do 0-0: Called Strike
0-1: Swinging Strike
0-2: Ball
1-2: Ball
2-2: Fly out, F8 (Line Drive, 8RD)
Batting: SHB Chavo Guerrero, Jr. 0-0: Ball
1-0: Ground out 6-3 (Groundball, 6S)
Batting: RHB Randolph Descoteaux 0-0: Called Strike
0-1: Ball
1-1: Ball
2-1: Foul Ball, location: 2F
2-2: Ball
3-2: Strikes out swinging
Top of the 6th over - 0 run(s), 0 hit(s), 0 error(s), 0 left on base; Minnesota 2 - Richland 0
BOTTOM OF THE 6TH
Richland Rails batting - Pitching for Minnesota Loons : LHP Andrew Moody
Batting: RHB Alexandre Keeping 0-0: Ball
1-0: Called Strike
1-1: Swinging Strike
1-2: Foul Ball, location: 2F
1-2: Ball
2-2: TRIPLE (Flyball, 9LD)
Batting: SHB Félix Medina 0-0: Called Strike
0-1: Ball
1-1: Ball
2-1: SINGLE (Groundball, 34D)
Alexandre Keeping scores
Batting: RHB Scott Ramsey 0-0: Ball
1-0: Swinging Strike
1-1: SINGLE (Groundball, 4D)
Félix Medina to second
Runner from 2nd tries for 3rd, SAFE, throw made to third
Batting: SHB Jorge Colón 0-0: Foul Ball, location: 2F
0-1: Foul Ball, location: 2F
0-2: Ground out 6-3 (Groundball, 6)
Scott Ramsey to second
Batting: RHB Christian Gentry 0-0: SINGLE (Groundball, 4MD)
Félix Medina scores
Scott Ramsey to third
Runner from 3rd tries for Home, SAFE, throw made home
Christian Gentry to second
Batting: RHB Michael Bradshaw 0-0: Foul Ball, location: 2F
0-1: Swinging Strike
0-2: Ball
1-2: Foul Ball, location: 2F
1-2: Ball
2-2: Ball
3-2: Ground out 6-3 (Groundball, 6)
Christian Gentry to third
Batting: LHB Armando Peña 0-0: Fly out, F7 (Flyball, 78D)
Bottom of the 6th over - 3 run(s), 4 hit(s), 0 error(s), 1 left on base; Minnesota 2 - Richland 3
TOP OF THE 7TH
Minnesota Loons batting - Pitching for Richland Rails : RHP Barney Starr
Pitching: RHP Russ Melton
Batting: RHB Jorge Echevarría 0-0: Called Strike
0-1: Foul Ball, location: 2F
0-2: Ball
1-2: Ball
2-2: Strikes out swinging
Batting: SHB António Zúñiga 0-0: Ground out 4-3 (Groundball, 4)
Batting: RHB Isuru Tanaka 0-0: Called Strike
0-1: SINGLE (Groundball, 6MD)
Pinch Hitting: LHB Juan Aranda 0-0: Ball
Isuru Tanaka steals 2nd base
1-0: Foul Ball, location: 2F
1-1: Ball
2-1: Ball
3-1: Base on Balls
Batting: RHB José Mercado 0-0: Fly out, F9 (Flyball, 9)
Top of the 7th over - 0 run(s), 1 hit(s), 0 error(s), 2 left on base; Minnesota 2 - Richland 3
BOTTOM OF THE 7TH
Richland Rails batting - Pitching for Minnesota Loons : LHP Andrew Moody
Now in LF: Juan Aranda
Batting: RHB Kazu Hishida 0-0: Fly out, F8 (Flyball, 8LD)
Batting: LHB Mike Gillespie 0-0: Called Strike
0-1: Ball
1-1: Fly out, F7 (Flyball, 78D)
Batting: RHB Alexandre Keeping 0-0: Called Strike
0-1: Ball
1-1: Ball
2-1: Ball
3-1: Fly out, F8 (Flyball, 8RM)
Bottom of the 7th over - 0 run(s), 0 hit(s), 0 error(s), 0 left on base; Minnesota 2 - Richland 3
TOP OF THE 8TH
Minnesota Loons batting - Pitching for Richland Rails : RHP Russ Melton
Pitching: RHP Hartmann Riedman
Now in LF: Júlio Hernández
Batting: RHB Jorge Arreola 0-0: Ground out 6-3 (Groundball, 6S)
Batting: LHB Rim Hong-Do 0-0: Ball
1-0: Called Strike
1-1: Ball
2-1: Foul Ball, location: 2F
2-2: Ground out 4-3 (Groundball, 4)
Batting: SHB Chavo Guerrero, Jr. 0-0: Called Strike
0-1: Ball
1-1: Ball
2-1: Fly out, F9 (Line Drive, 9)
Top of the 8th over - 0 run(s), 0 hit(s), 0 error(s), 0 left on base; Minnesota 2 - Richland 3
BOTTOM OF THE 8TH
Richland Rails batting - Pitching for Minnesota Loons : LHP Andrew Moody
Pitching: RHP José Marroquín
Batting: SHB Félix Medina 0-0: Ball
1-0: Called Strike
1-1: Ground out U3 (Groundball, 34S)
Batting: RHB Scott Ramsey 0-0: Ball
1-0: Swinging Strike
1-1: SINGLE (Groundball, 6MD)
Pinch Runner at 1st Orlando Casillas:
Batting: SHB Jorge Colón 0-0: Ball
1-0: Ball
Orlando Casillas is caught stealing 2nd base
2-0: Ball
3-0: Base on Balls
Pinch Hitting: SHB Jasper Otto 0-0: Called Strike
0-1: Ball
1-1: Ball
2-1: Fly out, F7 (Flyball, 7S)
Bottom of the 8th over - 0 run(s), 1 hit(s), 0 error(s), 1 left on base; Minnesota 2 - Richland 3
TOP OF THE 9TH
Minnesota Loons batting - Pitching for Richland Rails : RHP Hartmann Riedman
Pitching: LHP Jorge Mejía
Now at C: Jonah Cooney
Now at 1B: Wayne Saunders
Now at SS: Leon Carlisle
Pinch Hitting: RHB Alex Rucker 0-0: Called Strike
0-1: Fly out, F8 (Flyball, 8LM)
Batting: RHB Jorge Echevarría 0-0: Ball
1-0: Swinging Strike
1-1: Foul Ball, location: 2F
1-2: Foul Ball, location: 2F
1-2: Strikes out looking
Pinch Hitting: RHB Salvador Esparza 0-0: Swinging Strike
0-1: Ball
1-1: Ball
2-1: Foul Ball, location: 2F
2-2: Strikes out swinging
Top of the 9th over - 0 run(s), 0 hit(s), 0 error(s), 0 left on base; Minnesota 2 - Richland 3
Wednesday, August 23rd, 2017 - OOTP Baseball 17.12 Build 75